 Dungeon Crawl Stone Soup version 0.23.2-40-g277498a001 (webtiles) character file.

Game seed: 17560203380773060084

19856 DildoBatman the Blocker (level 13, -17/93 HPs)
             Began as a Formicid Wizard on Aug 18, 2019.
             Was a High Priest of Kikubaaqudgha.
             Hit by a large rock thrown by a stone giant (48 damage)
             ... on level 1 of the Orcish Mines.
             The game lasted 01:04:37 (13748 turns).

DildoBatman the Blocker (Formicid Wizard)          Turns: 13748, Time: 01:04:38

Health: -17/93     AC:  3    Str: 16    XL:     13   Next: 7%
Magic:  22/22      EV: 15    Int: 23    God:    Kikubaaqudgha [*****.]
Gold:   1454       SH: 10    Dex:  9    Spells: 4/24 levels left

rFire    . . .     SeeInvis +   a - +11 long sword "Nix Mys" {drain, rElec rN+ SInv}
rCold    . . .     Gourm    .   y - +0 shield
rNeg     + . .     Faith    .   f - +0 robe
rPois    .         Spirit   .   (helmet unavailable)
rElec    +         Reflect  .   (no cloak)
rCorr    .         Harm     .   P - +0 pair of gloves
MR       +....                  (no boots)
Stlth    +++.......             m - amulet of magic regeneration
HPRegen  0.25/turn              i - +2 ring of evasion
MPRegen  0.43/turn              q - ring "Binanipa" {Wiz rElec Str+4}

@: no status effects
A: permanent stasis, dig shafts and tunnels, four strong arms, antennae 3
a: Dig, Shaft Self, Receive Corpses, Torment, Renounce Religion


You were on level 1 of the Orcish Mines.
You worshipped Kikubaaqudgha.
Kikubaaqudgha was extremely pleased with you.
You were not hungry.

You visited 3 branches of the dungeon, and saw 15 of its levels.
You also visited: Volcano.

You collected 1454 gold pieces.

Inventory:

Hand Weapons
 a - the +11 long sword "Nix Mys" (weapon) {drain, rElec rN+ SInv}
   (You found it on level 11 of the Dungeon)

   A truly terrible weapon, it drains the life of those it strikes.
   It insulates you from electricity.
   It protects you from negative energy.
   It lets you see invisible.
 b - the +4 long sword of Peonulig {slice, rPois rF+ Str+3}
   (You took it off a crimson imp on level 10 of the Dungeon)

   It inflicts extra damage upon your enemies.
   It affects your strength (+3).
   It protects you from fire.
   It protects you from poison.
 c - a +1 longbow of flaming
 e - a +4 halberd
Missiles
 d - 219 arrows
 p - 90 bolts
 I - 63 sling bullets
Armour
 f - a +0 robe (worn)
 w - the +3 leather armour of Wucuc {rF++ MR- Dex-5 Stlth+}
   (You found it on level 6 of the Dungeon)

   It affects your dexterity (-5).
   It greatly protects you from fire.
   It affects your resistance to hostile enchantments.
   It makes you more stealthy.
 y - a +0 shield (worn)
 P - a +0 pair of gloves (worn)
Jewellery
 i - a +2 ring of evasion (left hand)
 m - an amulet of magic regeneration (around neck)
 q - the ring "Binanipa" (right hand) {Wiz rElec Str+4}
   (You found it on level 5 of the Dungeon)

   [ring of wizardry]

   It improves your spell success rate.
   It affects your strength (+4).
   It insulates you from electricity.
 D - an uncursed ring of protection from cold
Wands
 u - a wand of flame (35)
 A - a wand of iceblast (8)
Scrolls
 g - a scroll of enchant armour
 n - a scroll of fog {unknown}
 o - 2 scrolls of enchant weapon
 x - 2 scrolls of remove curse
 z - a scroll of identify
 C - a scroll of magic mapping
 J - a scroll of amnesia {unknown}
 O - a scroll of brand weapon {unknown}
Potions
 j - a potion of mutation {unknown}
 k - 3 potions of curing
 r - a potion of agility {unknown}
 t - 2 potions of heal wounds
 E - 3 potions of resistance
 G - a potion of lignification {unknown}
 H - a potion of flight
 M - 2 potions of ambrosia
 N - a potion of brilliance {unknown}
Miscellaneous
 K - 2 boxes of beasts
Comestibles
 h - 11 chunks of flesh
 v - 17 rations


   Skills:
 * Level 5.6 Fighting
 - Level 4.1 Long Blades
 * Level 5.6 Armour
 * Level 3.6 Dodging
 - Level 6.0 Stealth
 - Level 9.0 Shields
 - Level 6.0 Spellcasting
 - Level 6.1 Conjurations
 - Level 4.1 Charms
   Level 1.0 Summonings
 - Level 8.0 Necromancy
   Level 0.8 Translocations
 - Level 4.0 Fire Magic
 - Level 4.1 Air Magic
 - Level 8.2 Poison Magic
 - Level 6.1 Evocations


You had 4 spell levels left.
You knew the following spells:

 Your Spells              Type           Power        Failure   Level  Hunger
a - Conjure Flame         Conj/Fire      ####....     1%          3    #......
b - Vampiric Draining     Necr           #####.....   1%          3    #......
c - Magic Dart            Conj           ####         1%          1    None
d - Regeneration          Chrm/Necr      ####......   1%          3    #......
e - Mephitic Cloud        Conj/Pois/Air  #####...     1%          3    #......
h - Dispel Undead         Necr           #####...     3%          5    #####..
z - Sublimation of Blood  Necr           #####.....   1%          2    None

Your spell library contained the following spells:

 Spells                   Type           Power        Failure   Level  Hunger
 Animate Skeleton         Necr           N/A          1%          1    None
 Pain                     Necr           ####         1%          1    None
 Spider Form              Tmut/Pois      ####......   1%          3    #......
 Animate Dead             Necr           N/A          1%          4    ###....
 Beastly Appendage        Tmut           #.....       3%          1    None
 Call Imp                 Summ           ##......     3%          2    None
 Slow                     Hex            #.......     5%          2    None
 Sticks to Snakes         Tmut           #.......     5%          2    None
 Ice Form                 Ice/Tmut       #.......     32%         4    ###....
 Bolt of Draining         Conj/Necr      #####.....   5%          5    #####..
 Excruciating Wounds      Chrm/Necr      ####......   8%          5    #####..
 Blade Hands              Tmut           #.........   65%         5    #####..
 Simulacrum               Ice/Necr       ####......   65%         6    ######.
 Blink                    Tloc           Unusable     N/A         2    N/A

Dungeon Overview and Level Annotations

Branches:
Dungeon (12/15)            Temple (1/1) D:5            Lair (0/6) D:8
    Orc (2/2) D:11            Elf (0/3) Orc:2

Altars:
Ashenzari
Cheibriados
Dithmenos
Elyvilon
Fedhas
Gozag
Hepliaklqana
Kikubaaqudgha
Makhleb
Nemelex Xobeh
Okawaru
Qazlal
Ru
Sif Muna
Trog
Uskayaw
Vehumet
Wu Jian
Xom
Yredelemnul
Zin
The Shining One

Shops:
D:4 (   D:8 *

Annotations:
D:7 exclusion: gargoyle
Orc:1 Snorg
Orc:2 1 exclusion


Innate Abilities, Weirdness & Mutations

You cannot be hasted, slowed, berserked, paralysed or teleported.
You can dig through walls and to a lower floor.
Your four strong arms can wield two-handed weapons with a shield.
You have a pair of large antennae on your head. (SInv)


Message History

The orc shouts!
The warg howls!
The orc shouts!
You hear a shout!
You block the warg's attack. Snorg bites you! You block Snorg's attack.
Snorg claws you.
The stone giant throws a large rock.
The large rock hits you!!
An orc wizard comes into view. It is wielding a +0 dagger.
You block the warg's attack. Snorg bites you!! Snorg completely misses you.
Snorg claws you.
The stone giant throws a large rock.
The large rock hits you!!!
Ouch! That really hurt!
You die...
Kikubaaqudgha rasps: "You have failed me!
Welcome... death!"

....#C........#
.........$.....
$..............
..............o
...............
...............
...........$...
.......@.......
.......Tho.....
..........o.o..
.........###o..
......$..> ..
......##.## .
...... #.
.#.#.. .


You could see Snorg, a stone giant, a warg, an orc priest, 2 orc wizards and 2
orcs.

Vanquished Creatures
  Erolcha (D:9)
  A death knight (D:10)
  A two-headed ogre (Orc:2)
  2 unseen horrors
  2 lindwurms (Volcano)
  Pikel (D:9)
  A manticore (D:12)
  An ugly thing (D:11)
  An elephant (D:8)
  2 toenail golems (Volcano)
  A molten gargoyle (Volcano)
  A kobold demonologist (D:10)
  3 efreet (Volcano)
  4 trolls
  A hornet (D:11)
  Prince Ribbit (D:9)
  4 hippogriffs
  A centaur simulacrum (D:10)
  2 wraiths
  A wyvern (D:8)
  5 yaks
  2 basilisks (D:8)
  2 hungry ghosts
  4 fire elementals (Volcano)
  Grum (D:10)
  Edmund (D:5)
  A soldier ant (D:11)
  3 water moccasins
  A black bear (D:6)
  3 sky beasts
  9 orc warriors
  4 slaves (D:9)
  A swamp drake (D:11)
  2 ice beasts
  3 phantoms
  5 centaurs
  4 wolves (D:10)
  11 ogres
  2 big kobolds
  6 bullfrogs
  3 earth elementals (Volcano)
  A wyvern zombie (D:8)
  A wyvern skeleton (D:6)
  A water moccasin skeleton (D:7)
  9 killer bees
  5 wights (D:8)
  6 electric eels
  2 bullfrog zombies
  4 crimson imps
  9 orc priests
  A centaur zombie (D:10)
  2 bullfrog skeletons
  4 jellies
  6 centaur skeletons
  A hound (D:8)
  16 orc wizards
  2 iguanas
  3 worker ants
  A hound zombie (D:7)
  2 hound skeletons
  A howler monkey skeleton (D:7)
  12 adders
  7 gnolls
  4 shadow imps
  An adder skeleton (D:8)
  An adder zombie (D:8)
  4 worms
  5 dart slugs
  7 leopard geckos
  66 orcs
  4 giant cockroaches
  6 goblins
  7 hobgoblins
  7 jackals
  4 quokkas
  A ball python (D:1)
  11 bats
  4 frilled lizards
  A jackal skeleton (D:8)
  20 kobolds
  A leopard gecko zombie (D:7)
  3 rats
  2 fire vortices (Volcano)
360 creatures vanquished.

Vanquished Creatures (collateral kills)
  A killer bee (D:8)
  An orc wizard (D:12)
2 creatures vanquished.

Vanquished Creatures (others)
  An electric eel (D:8)
  A fire vortex (Volcano)
2 creatures vanquished.

Grand Total: 364 creatures vanquished

Notes
Turn   | Place    | Note
-------+----------+-------------------------------------------
     0 | D:1      | DildoBatman the Formicid Wizard began the quest for the
                  | Orb.
     0 | D:1      | Reached XP level 1. HP: 13/13 MP: 4/4
     9 | D:1      | Reached skill level 1 in Conjurations
   232 | D:1      | Reached XP level 2. HP: 19/19 MP: 0/6
   463 | D:1      | Reached XP level 3. HP: 24/24 MP: 4/7
   468 | D:1      | Learned a level 3 spell: Conjure Flame
   472 | D:1      | Learned a level 3 spell: Mephitic Cloud
   951 | D:2      | Reached XP level 4. HP: 30/30 MP: 0/8
  1733 | D:3      | Reached XP level 5. HP: 35/35 MP: 7/9
  2573 | D:4      | Found Ixtudumm's Antique Weapon Shoppe.
  2628 | D:4      | Found a blossoming altar of Fedhas.
  2732 | D:4      | Noticed a phantom
  3160 | D:4      | Noticed an ogre
  3262 | D:4      | Killed an ogre
  3262 | D:4      | Reached skill level 5 in Conjurations
  3262 | D:4      | Reached XP level 6. HP: 41/41 MP: 2/10
  3459 | D:5      | Entered Level 5 of the Dungeon
  3550 | D:5      | Got a scintillating lead ring
  3561 | D:5      | Identified the ring "Binanipa" {Wiz rElec Str+4} (You found
                  | it on level 5 of the Dungeon)
  3605 | D:5      | Found a burning altar of Makhleb.
  3650 | D:5      | Noticed a sky beast
  3657 | D:5      | Killed a sky beast
  3668 | D:5      | Reached XP level 7. HP: 46/46 MP: 3/11
  4240 | D:5      | Found a staircase to the Ecumenical Temple.
  4246 | Temple   | Entered the Ecumenical Temple
  4713 | D:6      | Reached skill level 1 in Poison Magic
  4731 | D:6      | Noticed Edmund
  4814 | D:6      | Got a fine leather armour
  4821 | D:6      | Reached skill level 1 in Fire Magic
  4821 | D:6      | Reached skill level 1 in Air Magic
  4833 | D:6      | Identified the +3 leather armour of Wucuc {rF++ MR- Dex-5
                  | Stlth+} (You found it on level 6 of the Dungeon)
  5719 | D:7      | Reached XP level 8. HP: 29/52 MP: 6/12
  5857 | D:7      | Noticed a hippogriff
  5877 | D:7      | Found an ancient bone altar of Kikubaaqudgha.
  5877 | D:7      | Found a radiant altar of Vehumet.
  5881 | D:7      | Found a shattered altar of Ashenzari.
  5887 | D:7      | Became a worshipper of Kikubaaqudgha
  5946 | D:7      | Killed a hippogriff
  6046 | D:7      | Found an iron altar of Okawaru.
  6047 | D:7      | Found a bloodstained altar of Trog.
  6212 | D:7      | Noticed a gargoyle
  6437 | D:6      | Reached skill level 5 in Poison Magic
  6449 | D:6      | Reached XP level 9. HP: 54/57 MP: 2/13
  6877 | D:5      | Killed Edmund
  7387 | D:8      | Found a stormy altar of Qazlal.
  7442 | D:8      | Reached skill level 1 in Shields
  7502 | D:8      | Reached skill level 2 in Shields
  7515 | D:8      | Reached * piety under Kikubaaqudgha
  7515 | D:8      | Identified Kikubaaqudgha's Papyrus of Black Arts
                  | (Kikubaaqudgha gifted it to you on level 8 of the Dungeon)
  7515 | D:8      | Received a gift from Kikubaaqudgha
  7535 | D:8      | Reached skill level 3 in Shields
  7548 | D:8      | Learned a level 3 spell: Regeneration
  7551 | D:8      | Learned a level 2 spell: Sublimation of Blood
  7662 | D:8      | Reached skill level 4 in Shields
  7700 | D:8      | Reached skill level 5 in Shields
  7860 | D:8      | Noticed an elephant
  7895 | D:8      | Killed an elephant
  7895 | D:8      | Reached skill level 6 in Shields
  7895 | D:8      | Reached XP level 10. HP: 30/63 MP: 3/14
  7908 | D:8      | Reached skill level 7 in Shields
  8038 | D:8      | Found a staircase to the Lair.
  8054 | D:8      | Reached skill level 8 in Shields
  8268 | D:8      | Reached skill level 9 in Shields
  8268 | D:8      | Reached skill level 1 in Charms
  8268 | D:8      | Reached skill level 1 in Necromancy
  8572 | D:8      | Reached ** piety under Kikubaaqudgha
  8778 | D:8      | Found Igofegh's General Store.
  9281 | D:9      | Noticed Prince Ribbit
  9287 | D:9      | Killed Prince Ribbit
  9310 | D:9      | Noticed Pikel
  9354 | D:9      | You fall through a shaft for 3 floors!
  9354 | D:12     | Noticed a manticore
  9367 | D:12     | Killed a manticore
  9367 | D:12     | Reached skill level 5 in Necromancy
  9367 | D:12     | Reached XP level 11. HP: 39/68 MP: 1/15
  9581 | D:12     | Noticed an unseen horror
  9665 | D:12     | Killed an unseen horror
 10083 | D:12     | Got an ancient whip
 10098 | D:12     | Identified the +5 whip of Internal Strife {antimagic,
                  | Str+5} (You found it on level 12 of the Dungeon)
 10158 | D:11     | Reached *** piety under Kikubaaqudgha
 10158 | D:11     | Identified Kikubaaqudgha's Tome of Evil Secrets
                  | (Kikubaaqudgha gifted it to you on level 11 of the Dungeon)
 10158 | D:11     | Received a gift from Kikubaaqudgha
 10213 | D:11     | Noticed a white ugly thing
 10222 | D:11     | Killed a white ugly thing
 10596 | D:11     | Reached skill level 5 in Spellcasting
 10605 | D:11     | Got a slimy long sword
 10610 | D:11     | Identified the +11 long sword "Nix Mys" {drain, rElec rN+
                  | SInv} (You found it on level 11 of the Dungeon)
 10619 | D:11     | Learned a level 5 spell: Dispel Undead
 10728 | D:11     | Found a staircase to the Orcish Mines.
 10748 | D:11     | Reached skill level 1 in Long Blades
 11012 | D:10     | Entered Level 10 of the Dungeon
 11083 | D:10     | Noticed an unseen horror
 11092 | D:10     | Killed an unseen horror
 11145 | D:10     | Reached **** piety under Kikubaaqudgha
 11205 | D:10     | Reached skill level 1 in Fighting
 11205 | D:10     | Reached skill level 1 in Armour
 11205 | D:10     | Reached skill level 1 in Evocations
 11205 | D:10     | Reached XP level 12. HP: 72/76 MP: 18/21
 11223 | D:10     | Identified the +4 long sword of Peonulig {slice, rPois rF+
                  | Str+3}
 11322 | D:10     | Reached skill level 5 in Stealth
 11543 | D:10     | Noticed a death knight
 11568 | D:10     | Killed a death knight
 11597 | D:10     | Noticed Grum
 11612 | D:10     | Killed Grum
 12088 | D:9      | Killed Pikel
 12150 | D:9      | Found a transporter.
 12178 | D:9      | Noticed Erolcha
 12202 | D:9      | Killed Erolcha
 12295 | D:9      | Found a transporter.
 12524 | Orc:1    | Entered Level 1 of the Orcish Mines
 12637 | Orc:2    | Entered Level 2 of the Orcish Mines
 12695 | Orc:2    | Found a staircase to the Elven Halls.
 12754 | Orc:2    | Found a dark tunnel.
 12759 | Orc:2    | Learned a level 3 spell: Vampiric Draining
 12824 | Volcano  | Entered a volcano
 12862 | Volcano  | Reached ***** piety under Kikubaaqudgha
 12943 | Volcano  | Reached skill level 5 in Fighting
 12943 | Volcano  | Reached skill level 5 in Armour
 12943 | Volcano  | Reached skill level 5 in Evocations
 13133 | Volcano  | Got a scorched helmet
 13159 | Volcano  | Reached XP level 13. HP: 87/91 MP: 22/22
 13537 | Orc:2    | Found a burning altar of Makhleb.
 13748 | Orc:1    | Noticed Snorg
 13748 | Orc:1    | Noticed a stone giant
 13748 | Orc:1    | Hit by a large rock thrown by a stone giant

Skill      XL: |  1  2  3  4  5  6  7  8  9 10 11 12 |
---------------+-------------------------------------+-----
Conjurations   | 1 2 3 4 5 6 |  6.1
Poison Magic   | 3 5 8 |  8.2
Fire Magic     | 2 4 |  4.0
Air Magic      | 1 3 4 |  4.1
Stealth        | 3 4 6 |  6.0
Shields        | 6 9 |  9.0
Charms         | 4 |  4.1
Necromancy     | 5 8 |  8.0
Spellcasting   | 6 |  6.0
Long Blades    | 4 |  4.1
Fighting       | 1 5 |  5.6
Armour         | 1 5 |  5.6
Dodging        | 2 3 |  3.6
Evocations     | 1 6 |  6.1
Summonings     | |  1.0
Translocations | |  0.8

Action                   |  1- 3 |  4- 6 |  7- 9 | 10-12 | 13-15 || total
-------------------------+-------+-------+-------+-------+-------++-------
Melee: Short sword       |    20 |       |       |       |       ||    20
       Dagger            |     8 |    46 |   166 |    40 |       ||   260
       Long sword        |       |       |       |   391 |    14 ||   405
       Trident           |       |       |       |    40 |       ||    40
 Fire: Hunting sling     |       |    46 |    39 |   143 |       ||   228
 Cast: Magic Dart        |    51 |    66 |    63 |    48 |     6 ||   234
       Mephitic Cloud    |       |     5 |    22 |    78 |     6 ||   111
       Conjure Flame     |       |     2 |    29 |    44 |     1 ||    76
       Regeneration      |       |       |       |    31 |     2 ||    33
       Sublimation of Bl |       |       |       |     6 |       ||     6
       Dispel Undead     |       |       |       |     8 |       ||     8
 Abil: Dig               |     1 |     2 |    17 |    16 |     3 ||    39
       Shaft Self        |       |       |       |     1 |       ||     1
Evoke: Wand              |       |       |       |     5 |     2 ||     7
  Use: Scroll            |       |     3 |       |     8 |       ||    11
       Potion            |       |       |     2 |     8 |       ||    10
 Stab: Sleeping          |     2 |       |       |     8 |       ||    10
       Confused          |       |     2 |     4 |    32 |       ||    38
       Invisible         |       |       |       |     2 |       ||     2
  Eat: Chunk             |       |     9 |    15 |    30 |     1 ||    55
       Ration            |       |       |     1 |       |     1 ||     2
Armor: Robe              |     4 |     8 |     6 |    16 |     4 ||    38
       Leather armour    |       |       |       |     6 |     2 ||     8
Dodge: Dodged            |    35 |    40 |   119 |   207 |    12 ||   413
Block: Shield            |       |       |       |   183 |     9 ||   192
       Rpst.: Long sword |       |       |       |    47 |     5 ||    52
